 Dungeon Crawl Stone Soup version 0.19.1-1-g22dce08 (webtiles) character file.

2940 Alarkh the Cleaver (level 9, -1/66 HPs)
             Began as a Demonspawn Monk on Jan 7, 2017.
             Was an Elder of Okawaru.
             Slain by an iguana (11 damage)
             ... on level 7 of the Dungeon.
             The game lasted 00:07:15 (5310 turns).

Alarkh the Cleaver (Demonspawn Monk)                Turns: 5310, Time: 00:07:16

Health: -1/66      AC:  7    Str: 12    XL:     9   Next: 51%
Magic:  15/15      EV: 12    Int: 14    God:    Okawaru [****..]
Gold:   185        SH:  0    Dex: 16    Spells: 2 memorised, 12 levels left

rFire  . . .     SeeInvis .     L - +3 battleaxe (curse)
rCold  . . .     Gourm    .     y - +0 leather armour {MR+}
rNeg   . . .     Faith    .     (shield currently unavailable)
rPois  .         Spirit   .     (no helmet)
rElec  .         Reflect  .     (no cloak)
rCorr  .         Harm     .     (no gloves)
MR     +....                    (no boots)
Stlth  +.........               (no amulet)
                                (no ring)
                                h - +2 ring of protection

@: repel missiles, drained
A: hooves 2, rugged brown scales 2, spiny 1
a: Heroism, Renounce Religion


You were on level 7 of the Dungeon.
You worshipped Okawaru.
Okawaru was greatly pleased with you.
You were not hungry.

You visited 2 branches of the dungeon, and saw 8 of its levels.

You collected 185 gold pieces.

Inventory:

Hand Weapons
 a - a +0 hand axe
 n - a +2 whip of electrocution
 w - the +10 hand axe of Rimiad {flame, *Corrode rElec rPois Str+8}
   (You found it on level 4 of the Dungeon)

   It has been specially enchanted to burn those struck by it, causing extra
   injury to most foes and up to half again as much damage against particularly
   susceptible opponents.
   Big, fiery blades are also staple armaments of hydra-hunters.
   It affects your strength (+8).
   It insulates you from electricity.
   It protects you from poison.
   It may corrode you when you take damage.
 L - a cursed +3 battleaxe (weapon)
Missiles
 B - 3 throwing nets (quivered)
Armour
 y - a +0 leather armour of magic resistance (worn)
Magical Staves
 K - an uncursed staff of earth {unknown}
Jewellery
 h - a +2 ring of protection (left hand)
 t - an uncursed ring of ice
Wands
 q - a wand of random effects (27/48)
 u - a wand of disintegration (12/24)
Scrolls
 e - a scroll of identify
 f - 3 scrolls of teleportation
 g - 2 scrolls of immolation {unknown}
 i - 4 scrolls of fog
 m - a scroll of recharging {unknown}
 p - a scroll of blinking {unknown}
 s - 2 scrolls of fear {unknown}
 v - 3 scrolls of remove curse
 G - a scroll of enchant weapon {unknown}
 H - a scroll of brand weapon {unknown}
 J - a scroll of amnesia {unknown}
Potions
 b - a potion of resistance
 k - 2 potions of lignification
 o - a potion of mutation
 r - a potion of brilliance
 x - 2 potions of cancellation
 z - a potion of flight {unknown}
 A - a potion of might {unknown}
 C - a potion of haste {unknown}
 D - a potion of cure mutation {unknown}
 I - a potion of degeneration {unknown}
Books
 E - a book of Minor Magic

   Spells                             Type                      Level
   a - Magic Dart                     Conjuration                  1
   b - Blink                          Translocation                2
   c - Call Imp                       Summoning                    2
   d - Repel Missiles                 Charms/Air                   2
   e - Slow                           Hexes                        2
   f - Conjure Flame                  Conjuration/Fire             3
   g - Mephitic Cloud                 Conjuration/Poison/Air       3
Comestibles
 c - 4 bread rations
 d - 5 beef jerkies
 j - 3 fruits
 l - a royal jelly
 F - a meat ration
 M - a slice of pizza


   Skills:
 - Level 3.0(2.8) Fighting
 * Level 10.7(10.5) Axes
 - Level 2.6(2.5) Dodging
 - Level 1.7(1.6) Stealth
 + Level 4.2(4.1) Spellcasting
 + Level 4.1(3.9) Charms


You had 12 spell levels left.
You knew the following spells:

 Your Spells              Type           Power        Failure   Level  Hunger
b - Blink                 Tloc           N/A          38%         2    ##.....
d - Repel Missiles        Chrm/Air       #.....       17%         2    ##.....


Dungeon Overview and Level Annotations

Branches:
Dungeon (7/15)             Temple (1/1) D:4

Altars:
Ashenzari
Cheibriados
Dithmenos
Elyvilon
Fedhas
Gozag
Hepliaklqana
Kikubaaqudgha
Makhleb
Nemelex Xobeh
Okawaru
Qazlal
Ru
Sif Muna
Trog
Uskayaw
Vehumet
Xom
Yredelemnul
Zin
The Shining One


Innate Abilities, Weirdness & Mutations

You have hoof-like feet.
You are mostly covered in rugged brown scales. (AC +2, +5% HP)
You are partially covered in sharp spines.


Message History

The hippogriff is almost dead.
The hippogriff bites you!
* * * LOW HITPOINT WARNING * * *
The hippogriff misses you. The hippogriff barely misses you.
Unknown command.
You slash the hippogriff!
You kill the hippogriff!
Okawaru accepts your kill.
Your base Charms skill increases to level 4!
Things that are here:
a whip; a gnoll corpse You slash the iguana!
The iguana is heavily wounded.
The iguana misses you.
You hit the iguana. You kick the iguana, but do no damage.
The iguana is severely wounded.
The iguana bites you!
* * * LOW HITPOINT WARNING * * *
The iguana bites you!
You die...

# #.. #. ####.###
#.##...... #........#
#........# # # .#
#..%.....# .. ####.###
#.....)).# .... #.......#
#..@)# ..... #......(#.#
+...l##.....
#.......#.####......5....
#.......#.....>..........
...........#####.........
...............?.........
............####....(.#..
......................# .
......................#


You could see an iguana.

Vanquished Creatures
  A hippogriff (D:7)
  Sigmund (D:6)
  2 ice beasts
  2 sky beasts (D:6)
  A necrophage (D:6)
  2 ogres
  A centaur (D:6)
  A big kobold (D:6)
  A bullfrog (D:4)
  A scorpion (D:6)
  9 wights
  2 howler monkeys
  A bullfrog zombie (D:6)
  4 crimson imps
  5 hounds
  2 jellies (D:6)
  2 gnoll shamans
  2 orc priests (D:4)
  A centaur skeleton (D:6)
  2 iguanas
  3 orc wizards
  8 worker ants
  Ijyb (D:2)
  A hound zombie (D:5)
  19 gnolls
  6 adders
  4 shadow imps
  An ooze (D:1)
  4 worms
  2 dart slugs (D:1)
  4 leopard geckos
  14 orcs
  3 giant cockroaches
  8 goblins
  5 hobgoblins
  16 jackals
  A quokka (D:2)
  5 bats
  3 frilled lizards
  17 kobolds
  A leopard gecko skeleton (D:4)
  A quokka skeleton (D:4)
  7 rats
177 creatures vanquished.

Vanquished Creatures (others)
  A wizard (D:6)
1 creature vanquished.

Grand Total: 178 creatures vanquished

Notes
Turn   | Place    | Note
-------+----------+-------------------------------------------
     0 | D:1      | Alarkh the Demonspawn Monk began the quest for the Orb.
     0 | D:1      | Reached XP level 1. HP: 18/18 MP: 1/1
   264 | D:1      | Found a shattered altar of Ashenzari.
   269 | D:1      | Reached skill level 3 in Axes
   323 | D:1      | Gained mutation: You have large cloven feet. [demonic ancestry]
   323 | D:1      | Reached XP level 2. HP: 22/24 MP: 2/2
   641 | D:1      | Gained mutation: You have hoof-like feet. [demonic ancestry]
   641 | D:1      | Reached XP level 3. HP: 27/29 MP: 3/3
   855 | D:2      | Found an ancient bone altar of Kikubaaqudgha.
   861 | D:2      | Reached skill level 4 in Axes
  1095 | D:2      | Gained mutation: You are partially covered in sharp spines. [demonic ancestry]
  1095 | D:2      | Reached XP level 4. HP: 30/35 MP: 4/4
  1171 | D:2      | Noticed Ijyb
  1181 | D:2      | Killed Ijyb
  1605 | D:3      | Reached skill level 5 in Axes
  1720 | D:3      | Found a glowing golden altar of the Shining One.
  1993 | D:3      | Gained mutation: You are partially covered in rugged brown scales. (AC +1, +3% HP) [demonic ancestry]
  1993 | D:3      | Reached XP level 5. HP: 31/42 MP: 5/5
  2236 | D:4      | Got a smoking hand axe
  2237 | D:4      | Identified the +10 hand axe of Rimiad {flame, *Corrode rElec rPois Str+8} (You found it on level 4 of the Dungeon)
  2271 | D:4      | Noticed an ogre
  2278 | D:4      | Killed an ogre
  2278 | D:4      | Reached skill level 6 in Axes
  2278 | D:4      | Reached XP level 6. HP: 44/48 MP: 6/6
  2293 | D:4      | Found a staircase to the Ecumenical Temple.
  2337 | Temple   | Entered the Ecumenical Temple
  2488 | Temple   | Became a worshipper of Warmaster Okawaru
  2488 | Temple   | Reached * piety under Okawaru
  2488 | Temple   | Reached ** piety under Okawaru
  2594 | D:4      | Reached skill level 7 in Axes
  3058 | D:4      | Reached XP level 7. HP: 51/53 MP: 7/7
  3349 | D:5      | Entered Level 5 of the Dungeon
  3355 | D:5      | Reached skill level 8 in Axes
  3421 | D:5      | Reached *** piety under Okawaru
  3470 | D:5      | Found a stormy altar of Qazlal.
  3606 | D:5      | Learned a level 2 spell: Blink
  3609 | D:5      | Learned a level 2 spell: Repel Missiles
  3679 | D:5      | Found a hazy altar of Hepliaklqana.
  3685 | D:5      | Gained mutation: You are mostly covered in rugged brown scales. (AC +2, +5% HP) [demonic ancestry]
  3685 | D:5      | Reached XP level 8. HP: 50/60 MP: 7/9
  3749 | D:5      | Reached skill level 9 in Axes
  3749 | D:5      | Reached skill level 1 in Spellcasting
  3863 | D:6      | Noticed Sigmund
  3864 | D:6      | Reached skill level 1 in Charms
  3958 | D:6      | Found a bloodstained altar of Trog.
  3959 | D:6      | Noticed a wizard
  3966 | D:6      | Killed a wizard
  4450 | D:6      | Killed Sigmund
  4459 | D:6      | Reached skill level 10 in Axes
  4512 | D:6      | Reached **** piety under Okawaru
  4512 | D:6      | Reached XP level 9. HP: 35/66 MP: 10/13
  4516 | D:6      | Found a glowing silver altar of Zin.
  5310 | D:7      | Slain by an iguana

Skill      XL: |  1  2  3  4  5  6  7  8  9 |
---------------+----------------------------+-----
Axes           | 3 4 5 6 7 8 10 | 10.7
Spellcasting   | 3 4 |  4.2
Charms         | 3 4 |  4.1
Fighting       | |  3.0
Dodging        | |  2.6
Stealth        | |  1.7

Action                   |  1- 3 |  4- 6 |  7- 9 || total
-------------------------+-------+-------+-------++-------
Melee: Hand axe          |    15 |    35 |   114 ||   164
       Whip              |    62 |    69 |       ||   131
       Kick              |     8 |    24 |    45 ||    77
       Battleaxe         |       |       |    68 ||    68
 Cast: Repel Missiles    |       |       |     2 ||     2
  Use: Scroll            |     1 |     5 |     2 ||     8
 Stab: Sleeping          |     8 |     3 |     2 ||    13
       Distracted        |       |     1 |       ||     1
  Eat: Chunk             |     1 |     6 |     7 ||    14
Armor: Robe              |    10 |    15 |       ||    25
       Leather armour    |       |       |    44 ||    44
Dodge: Dodged            |    58 |    54 |    94 ||   206
       Deflected         |       |       |     4 ||     4
